 Dungeon Crawl Stone Soup version 0.29.0-13-gc9e81de378 (webtiles) character file.

Game seed: 5624977848234921853

347 AttackTheMoon the Trooper (level 6, 0/99 HPs)
             Began as an Ogre Gladiator on Sept 10, 2022.
             Was a Believer of Trog.
             Slain by a gnoll
             ... wielding a +0 halberd
             ... led by a gnoll bouda
              (8 damage)
             ... on level 5 of the Dungeon.
             The game lasted 00:06:23 (4546 turns).

AttackTheMoon the Trooper (Ogre Gladiator)          Turns: 4546, Time: 00:06:24

Health: 0/99       AC:  3    Str: 21    XL:     6   Next: 59%
Magic:  6/6        EV: 10    Int:  9    God:    Trog [**....]
Gold:   321        SH:  0    Dex: 10    Spells: 5/5 levels left

rFire   . . .      SeeInvis .   a - +1 war axe
rCold   . . .      Faith    .   (no shield)
rNeg    . . .      Spirit   .   b - +0 robe
rPois   .          Reflect  .   c - +0 hat
rElec   .          Harm     .   (no cloak)
rCorr   .          Rampage  .   (gloves unavailable)
Will    .....                   (boots unavailable)
Stlth   ..........              m - amulet of the acrobat
HPRegen 0.26/turn               (no ring)
MPRegen 0.10/turn               (no ring)

@: berserking, very quick
A: large, unfitting armour, tough skin 1
a: Renounce Religion, Berserk, Trog's Hand


You were on level 5 of the Dungeon.
You worshipped Trog.
Trog was pleased with you.
You visited 1 branch of the dungeon, and saw 5 of its levels.
You also visited: Sewer.

You collected 321 gold pieces.

Inventory:

Hand Weapons
 a - a +1 war axe (weapon)
Missiles
 d - 3 throwing nets
 e - a large rock
Armour
 b - a +0 robe (worn)
 c - a +0 hat (worn)
Jewellery
 m - an amulet of the acrobat (around neck)
Scrolls
 f - a scroll of summoning
 g - 3 scrolls of enchant weapon
 l - 3 scrolls of poison
 q - 2 scrolls of immolation
 t - 2 scrolls of identify
Potions
 h - 2 potions of mutation
 i - 2 potions of attraction {unknown}
 j - 2 potions of degeneration
 k - a potion of berserk rage
 n - a potion of curing
 o - 2 potions of heal wounds
 r - 2 potions of lignification {unknown}
 s - 2 potions of flight {unknown}


   Skills:
 + Level 5.0 Fighting
 + Level 4.3 Axes
 + Level 3.7 Throwing
 + Level 4.0 Dodging


You had 5 spell levels left.
You didn't know any spells.
Your spell library was empty.

Dungeon Overview and Level Annotations

Branches:
Dungeon (5/15)              Sewer (visited)
 Temple: D:4-7

Altars:
Gozag
Hepliaklqana
Makhleb
Trog
Yredelemnul

Shops:
D:3 ?


Innate Abilities, Weirdness & Mutations

You are too large for most types of armour.
You have tough skin. (AC +1)


Message History

You are too injured to fight recklessly!
You are too injured to fight recklessly!
You are too injured to fight recklessly!
You slash the gnoll!
The gnoll is severely wounded.
You barely miss the gnoll bouda. You slash the gnoll!
The gnoll hits you with a +0 club. The gnoll closely misses you.
The gnoll barely misses you.
The gnoll hits you from afar with a +0 spear.
The gnoll bouda hits you with a +0 whip!
* * * LOW HITPOINT WARNING * * *
You slice the gnoll!!
You kill the gnoll!
Trog accepts your kill.
You hit the gnoll.
The gnoll is severely wounded.
The gnoll hits you from afar with a +0 halberd.
* * * LOW HITPOINT WARNING * * *
The gnoll hits you with a +0 flail!
* * * LOW HITPOINT WARNING * * *
The gnoll hits you from afar with a +0 spear.
* * * LOW HITPOINT WARNING * * *
You slash the gnoll!
You feel the power of Trog in you as your rage grows.
You kill the gnoll!
Trog accepts your kill. The gnoll closely misses you.
The gnoll barely misses you.
Your Fighting skill increases to level 5!
Unknown command.
You are too berserk!
The gnoll barely misses you.
There is an open door, spattered with blood here.
You see here a +0 club.
You slice the gnoll!!
You feel the power of Trog in you as your rage grows.
You kill the gnoll!
Trog accepts your kill.
You hit the gnoll. You slash the gnoll bouda!
The gnoll hits you with a +0 halberd!
You die...

....#...#################
..###...#......†.....#..##
..#.....#............'...#
..'.....'............#...#
..####+##............#..##
.............#########..##
.............#......#....#
.............#.g)g..#....#
.............###@#..#...##
#......#####....).# #####
#......# #......# #......+
#......# #......# #......#
#####.... ...#.. ...#..


You could see a gnoll bouda and a gnoll (swift).

Vanquished Creatures
  Pargi (Sewer)
  A kobold brigand (D:4)
  6 gnolls
  3 adders
  An ufetubus (D:5)
  2 adder zombies (D:4)
  4 worms
  4 dart slugs
  2 orcs (D:3)
  7 bats
  11 endoplasms
  2 giant cockroaches
  6 goblins
  3 hobgoblins
  5 kobolds
  A quokka (D:3)
  11 ball pythons
  4 frilled lizards
  3 rats
77 creatures vanquished.

Notes
Turn   | Place    | Note
-------+----------+-------------------------------------------
     0 | D:1      | AttackTheMoon the Ogre Gladiator began the quest for the
                  | Orb.
     0 | D:1      | Reached XP level 1. HP: 22/22 MP: 1/1
   227 | D:1      | Reached XP level 2. HP: 26/29 MP: 2/2
   278 | D:1      | Reached skill level 3 in Fighting
   447 | D:1      | Found a faded altar of an unknown god.
   458 | D:1      | Prayed at the altar of an unknown god.
   458 | D:1      | Became a worshipper of Trog the Wrathful
   458 | D:1      | Reached * piety under Trog
  1053 | D:2      | Reached XP level 3. HP: 37/37 MP: 3/3
  1353 | D:2      | Reached XP level 4. HP: 23/45 MP: 4/4
  1577 | D:2      | Reached ** piety under Trog
  2019 | D:3      | Found a burning altar of Makhleb.
  2356 | D:3      | Found an opulent altar of Gozag.
  2561 | D:3      | Reached skill level 4 in Fighting
  2710 | D:3      | Reached XP level 5. HP: 43/54 MP: 5/5
  2999 | D:3      | Found a hazy altar of Hepliaklqana.
  3091 | D:3      | Found Palav's Magic Scroll Shop.
  3251 | D:4      | Found a glowing drain.
  3262 | Sewer    | Entered a sewer
  3286 | Sewer    | Noticed Pargi
  3304 | Sewer    | Killed Pargi
  3305 | Sewer    | Reached XP level 6. HP: 30/63 MP: 6/6
  4412 | D:4      | Found a basalt altar of Yredelemnul.
  4465 | D:5      | Entered Level 5 of the Dungeon
  4545 | D:5      | Reached skill level 5 in Fighting
  4546 | D:5      | Slain by a gnoll

Illustrated notes

Levels and vault maps discovered:
D:1:      psy_arrival_fountain, layout_rooms,
          hellmonk_ecumenical_altar_lost_god, minmay_pentomino_t4
D:2:      layout_loops_corners, kennysheep_boxes
D:3:      kennysheep_six_static_rooms, layout_loops_ring,
          worldfamousw_hep_ancestral_shrine, mainiacjoe_overflow_catch_the_wave,
          serial_shops, shop
D:4:      layout_loops_ring, lemuel_zombie_altar_yredelemnul,
          cheibrodos_sewer_entry_drain
D:5:      lemuel_castle_with_subvaults [lemuel_castle_interior_carwin_1],
          layout_gridville, minmay_temple_entry_hall

Skill      XL: |  1  2  3  4  5  6 |
---------------+-------------------+-----
Fighting       | 3 4 5 |  5.0
Dodging        | 3 4 |  4.0
Throwing       | 3 |  3.7
Axes           | 4 |  4.3

Action                   |  1- 3 |  4- 6 || total
-------------------------+-------+-------++-------
Melee: War axe           |    57 |   146 ||   203
       Punch             |       |     3 ||     3
Invok: Berserk           |       |     2 ||     2
  Use: Scroll            |     6 |     7 ||    13
 Stab: Sleeping          |     1 |     1 ||     2
Armor: Robe              |    18 |    46 ||    64
Dodge: Dodged            |    32 |    91 ||   123
